 Dungeon Crawl Stone Soup version 0.26-a0-672-g1df16c3386 (webtiles) character file.

Game seed: 8382585336582343085

688 marklar909 the Cudgeler (level 7, -2/56 HPs)
             Began as a Formicid Abyssal Knight on Oct 19, 2020.
             Was a Priest of Lugonu.
             Slain by an ogre
             ... wielding a +0 giant club
              (15 damage)
             ... on level 5 of the Dungeon.
             The game lasted 00:07:40 (4372 turns).

marklar909 the Cudgeler (Formicid Abyssal Knight)   Turns: 4372, Time: 00:07:41

Health: -2/56      AC: 11    Str: 19    XL:     7   Next: 94%
Magic:  8/8        EV: 10    Int: 11    God:    Lugonu [***...]
Gold:   253        SH:  0    Dex: 10    Spells: 6/6 levels left

rFire    . . .     SeeInvis +   i - +1 flail
rCold    . . .     Faith    .   (no shield)
rNeg     + + .     Spirit   .   t - +0 scale mail
rPois    .         Reflect  .   (helmet unavailable)
rElec    .         Harm     .   (no cloak)
rCorr    .         Rampage  .   b - +2 pair of gloves
MR       .....                  c - +0 pair of boots
Stlth    ..........             (no amulet)
HPRegen  0.18/turn              k - ring of positive energy
MPRegen  0.11/turn              l - ring of positive energy

@: no status effects
A: permanent stasis, dig shafts and tunnels, four strong arms, antennae 3
a: Dig, Shaft Self, Depart the Abyss, Bend Space, Banish, Renounce Religion


You were on level 5 of the Dungeon.
You worshipped Lugonu.
Lugonu was most pleased with you.
You visited 1 branch of the dungeon, and saw 5 of its levels.
You visited the Abyss 1 time.

You collected 253 gold pieces.

Inventory:

Hand Weapons
 i - a +1 flail (weapon)
Armour
 b - a +2 pair of gloves (worn)
 c - a +0 pair of boots (worn)
 t - a +0 scale mail (worn)
Jewellery
 h - an uncursed ring of ice
 k - a ring of positive energy (left hand)
 l - a ring of positive energy (right hand)
Wands
 a - a wand of iceblast (11)
Scrolls
 j - a scroll of remove curse
 o - a scroll of immolation {unknown}
 p - a scroll of enchant weapon
 r - 2 scrolls of identify
Potions
 d - a potion of ambrosia {unknown}
 e - 2 potions of mutation
 f - 2 potions of curing
 g - 2 potions of stabbing
 m - 4 potions of lignification
 n - a potion of cancellation {unknown}
 q - 3 potions of resistance


   Skills:
 + Level 5.2 Fighting
 + Level 5.5 Maces & Flails
 + Level 4.2 Armour
 + Level 2.8 Dodging
 + Level 1.3 Stealth
 + Level 2.4 Invocations


You had 6 spell levels left.
You didn't know any spells.
Your spell library contained the following spells:

 Spells                   Type           Power        Failure   Level
 Animate Skeleton         Necr           #.....       71%         1
 Apportation              Tloc           #.....       71%         1
 Corona                   Hex            #......      71%         1
 Summon Small Mammal      Summ           #...         71%         1
 Sublimation of Blood     Necr           #.........   83%         2


Dungeon Overview and Level Annotations

Branches:
Dungeon (5/15)
 Temple: D:4-7

Altars:
Ashenzari
Kikubaaqudgha
Qazlal
Sif Muna


Innate Abilities, Weirdness & Mutations

You cannot be hasted, slowed, berserked, paralysed or teleported.
You can dig through walls and to a lower floor.
Your four strong arms can wield two-handed weapons with a shield.
You have a pair of large antennae on your head. (SInv)


Message History

You feel sick.
You sock the ogre!
The ogre is moderately wounded.
You feel sick. The ogre barely misses you.
You hit the ogre.
The ogre is heavily wounded.
You feel sick. The ogre hits you with a +0 giant club!
* * * LOW HITPOINT WARNING * * *
You hit the ogre.
The ogre is severely wounded.
* * * LOW HITPOINT WARNING * * *
You feel sick. The ogre hits you with a +0 giant club.
* * * LOW HITPOINT WARNING * * *
You hit the ogre.
The ogre is severely wounded.
* * * LOW HITPOINT WARNING * * *
You feel sick.
Unknown command.
You feel better. The ogre hits you with a +0 giant club!
You die...

##o# #≈≈≈≈≈≈ #O{#
#≈≈...≈ ###.#
#≈≈._.≈ ##...#
####≈≈...≈ #..###
##..#≈≈≈.≈≈ #.##
##..###≈≈.≈≈ #.#
#..## ###'## #O#
#.## ###.## #@#
###.# #..... #.#
#...#####.###. #.#
#.####....# #.
##.###.####.#### #.
#......##...# ##
#...#####.###
#.........(.#####
#.###..####.....###
#.....## #####)<..


You could see an ogre.

Vanquished Creatures
  A phantom (D:4)
  3 vampire bats (D:2)
  A hound (D:4)
  A bullfrog zombie (D:5)
  2 orc priests
  A jelly (D:5)
  Jessica (D:3)
  An iguana (D:5)
  2 orc wizards
  A gnoll (D:1)
  7 adders
  A shadow imp (D:5)
  A white imp (D:5)
  An ufetubus (D:5)
  An ooze (D:2)
  6 worms
  3 dart slugs
  4 leopard geckos
  13 orcs
  2 ball pythons
  8 bats
  5 bat skeletons (D:2)
  A bat zombie (D:2)
  5 giant cockroaches
  5 goblins
  4 hobgoblins
  9 jackals
  2 quokkas (D:3)
  4 frilled lizards
  A jackal skeleton (D:4)
  6 kobolds
  9 rats
112 creatures vanquished.

Notes
Turn   | Place    | Note
-------+----------+-------------------------------------------
     0 | Abyss:1  | marklar909 the Formicid Abyssal Knight began the quest for
                  | the Orb.
     0 | Abyss:1  | Reached XP level 1. HP: 18/18 MP: 2/2
    45 | Abyss:1  | Found a broken altar of Ashenzari.
    52 | Abyss:1  | Noticed a crimson imp
   104 | Abyss:1  | Noticed an ancient zyme
   105 | D:1      | Escaped the Abyss
   216 | D:1      | Reached * piety under Lugonu
   270 | D:1      | Reached XP level 2. HP: 17/24 MP: 3/3
   455 | D:1      | Reached skill level 1 in Dodging
   455 | D:1      | Reached XP level 3. HP: 23/30 MP: 4/4
  1288 | D:2      | Found a stormy altar of Qazlal.
  1289 | D:2      | Noticed a water elemental
  1291 | D:2      | Noticed an earth elemental
  1291 | D:2      | Noticed a fire elemental
  1291 | D:2      | Noticed an air elemental
  1344 | D:2      | Found a faded altar of an unknown god.
  1399 | D:2      | Reached XP level 4. HP: 29/37 MP: 5/5
  1534 | D:2      | Found a broken altar of Ashenzari.
  1581 | D:2      | Found an ancient bone altar of Kikubaaqudgha.
  1593 | D:2      | Reached XP level 5. HP: 39/42 MP: 6/6
  1648 | D:2      | Reached skill level 1 in Stealth
  1825 | D:2      | Reached ** piety under Lugonu
  2334 | D:3      | Reached XP level 6. HP: 49/49 MP: 7/7
  2961 | D:3      | Noticed Jessica
  2975 | D:3      | Reached *** piety under Lugonu
  2978 | D:3      | Killed Jessica
  2991 | D:3      | Identified Jessica's Catalogue of Stolen Souls
  3330 | D:4      | Noticed a phantom
  3357 | D:4      | Killed a phantom
  3357 | D:4      | Reached skill level 5 in Fighting
  3357 | D:4      | Reached XP level 7. HP: 50/56 MP: 8/8
  4004 | D:5      | Entered Level 5 of the Dungeon
  4026 | D:5      | Reached skill level 5 in Maces & Flails
  4272 | D:5      | Found a shimmering blue altar of Sif Muna.
  4372 | D:5      | Slain by an ogre

Illustrated notes

Levels and vault maps discovered:
D:1:      elethiomel_arrival_shortcut, layout_loops_ring
D:2:      layout_rooms, kennysheep_vampire_church,
          nicolae_qazlal_style_of_elements, nicolae_ashenzari_panopticon,
          chequers_ecumenical_altar_simple
D:3:      minmay_spotlight, layout_basic, st_stairs_12, kennysheep_jessica_study
D:4:      layout_gridville
D:5:      layout_rooms, led_sif_pool, kennysheep_mini_moat, kennysheep_mini,
          nicolae_overflow_hidden_temple

Skill      XL: |  1  2  3  4  5  6  7 |
---------------+----------------------+-----
Dodging        | 1 2 |  2.8
Fighting       | 4 5 |  5.2
Maces & Flails | 3 4 5 |  5.5
Armour         | 3 4 |  4.2
Stealth        | 1 |  1.3
Invocations    | |  2.4

Action                   |  1- 3 |  4- 6 |  7- 9 || total
-------------------------+-------+-------+-------++-------
Melee: Mace              |    37 |       |       ||    37
       Flail             |    48 |   223 |   111 ||   382
Invok: Depart the Abyss  |     1 |       |       ||     1
 Abil: Dig               |       |     1 |       ||     1
  Use: Scroll            |     4 |     9 |     1 ||    14
       Potion            |       |       |     1 ||     1
Armor: Leather armour    |    12 |       |       ||    12
       Ring mail         |    31 |    88 |       ||   119
       Scale mail        |       |    74 |    66 ||   140
Dodge: Dodged            |    69 |   188 |    77 ||   334

Table legend: (Time is in decaauts)
 A = Elapsed time spent in this place.
 B = Non-inter-level travel time spent in this place.
 C = Inter-level travel time spent in this place.
 D = Time resting spent in this place.
 E = Time spent auto-exploring this place.
 F = Levels seen in this place.
 G = Mean time per level.
                   A        B        C        D        E       F      G
               +--------+--------+--------+--------+--------+-----+--------+
         Total |   4457 |   4211 |    246 |    482 |   2676 |   6 |  742.8 |
       Dungeon |   4352 |   4106 |    246 |    482 |   2625 |   5 |  870.4 |
         Abyss |    105 |    105 |      0 |      0 |     51 |   1 |  105.0 |
               +--------+--------+--------+--------+--------+-----+--------+

Top non-repeatable levels by time:
     D:2: 1184 daAuts
     D:1: 1054 daAuts
     D:3: 1054 daAuts
     D:4: 725 daAuts
     D:5: 334 daAuts
 Abyss:1: 105 daAuts
